Description

This is a very reactive game from Dark where with a solid reaction, good building placement and an easily defensible map he dismantles mech with roach-hydra-viper into broodlord.

VOD

https://youtu.be/v5OxJ1aNO3I

Replay - Dark v GuMiho: Game 2 - 어비설 리프 - 래더

Build Order

Get SALT Encoding   

  12  0:00  Drone  
  13  0:13  Overlord  
  13  0:17  Drone  
  14  0:32  Drone x2  
  16  0:38  Drone  
  17  0:52  Hatchery  
  17  0:55  Drone x2  
  18  1:09  Extractor  
  17  1:15  Spawning Pool  
  17  1:16  Drone x2  
  18  1:29  Drone  
  19  1:40  Overlord  
  19  2:01  Zergling x4, Queen x2  
  26  2:09  Metabolic Boost  
  26  2:12  Zergling x2  
  30  2:35  Overlord  
  30  2:37  Queen  
  34  2:48  Pneumatized Carapace  
  37  3:06  Overlord  
  44  3:36  Hatchery  
  46  3:41  Queen  
  48  3:51  Roach Warren  
  48  3:52  Overlord  
  52  4:00  Extractor x2, Spore Crawler x2  
  48  4:06  Lair  
  56  4:33  Roach x2  
  65  5:04  Overseer, Spore Crawler  
  68  5:13  Roach x3  
  75  5:17  Queen  
  80  5:29  Overseer  
  80  5:33  Extractor  
  82  5:38  Evolution Chamber x2  
  83  5:48  Glial Reconstitution  
  81  6:08  Zerg Missile Weapons Level 1, Zerg Ground Armor Level 1  
  85  6:18  Roach x3  
  97  6:25  Extractor x2  
  96  6:30  Spore Crawler  
  96  6:36  Hydralisk Den  
  96  6:39  Infestation Pit  
  94  6:41  Hatchery  
  93  6:47  Burrow  
  93  6:52  Roach x2  
  109  7:07  Muscular Augments, Tunneling Claws  
  121  7:24  Hive  
  122  7:48  Hydralisk x8  
  132  7:57  Hydralisk x2  
  138  8:04  Extractor x2  
  141  8:18  Overseer  
  145  8:30  Spore Crawler  
  144  8:40  Hatchery  
  155  8:43  Viper  
  164  8:53  Zerg Missile Weapons Level 2  
  167  9:14  Zerg Ground Armor Level 2  
  164  9:29  Viper  
  180  9:41  Spire  
  189  9:57  Extractor  
Spawning Tool Build Advisor. Get it on Overwolf

Go to:

Details

  • Created by: PiG      
  • Published on: Mar 23, 2017
  • Modified on: Mar 23, 2017
  • Patch: 3.8.0
Show
View Real Time Build Order
Export as new Build Order

Comments (0)

There are no comments. Be the first!

Create an account to comment!